Workbook

Sheet Summary
B1: Market Research Data
B2: Source | C2: Source | D2: Plot area | E2: Net Carpet | F2: FB Area | G2: ter | H2: Other | I2: Gross Carpet | J2: Net Builtup Area | K2: Gross Builtup | L2: Super Built Up area | M2: Builder Saleable Area | N2: Rate on Carpet Area | O2: Rate on Built Up area Area | P2: Rate On SUBA | Q2: Market Value As per Listing | R2: Realizable Value | S2: Disstrace Value /Force Sale Value
B3: Addres Of Property With LAT-Long | C3: Flat No. 404, 4th Floor, Sai Leela Apartment, Survey No. 125/4/7, Near Nana Nani Park Rickshaw Stand, Virar, Vasai, Palghar - 401305 19.449499108433038, 72.82144372179549
B4: Measurement Area | E4: =Measurement!I37 -> 198.7 | F4: =Measurement!I38 -> 0 | G4: =Measurement!I39 -> 0 | I4: =E4+F4 -> 198.7 | J4: =E4*1.2 -> 238.44 | K4: =I4*1.2 -> 238.44 | L4: =I4*1.45 -> 288.115
B5: Approved Plan Area | E5: =plan!J35 -> 0 | F5: =plan!J36 -> 0 | G5: =plan!J37 -> 0 | I5: =E5+F5 -> 0 | J5: =E5*1.2 -> 0 | K5: =I5*1.2 -> 0 | L5: =I5*1.45 -> 0
B6: Sale Agreement Area | E6: 0 | F6: 0 | G6: 0 | H6: 0 | I6: =E6+F6 -> 0 | J6: =E6*1.2 -> 0 | K6: =I6*1.2 -> 0 | L6: =I6*1.45 -> 0
B7: Index II Area | E7: =L7/1.45 -> 206.89655 | F7: 0 | G7: 0 | H7: 0 | I7: =E7+F7 -> 206.89655 | J7: =E7*1.2 -> 248.27586 | K7: =I7*1.2 -> 248.27586 | L7: 300
I8: =I4-I7 -> -8.1965517 | J8: =E8*1.2 -> 0 | K8: =K4-K7 -> -9.8358621 | L8: =L4-L7 -> -11.885
B9: Rate enquired
B10: 99 acres | C10: Same Building | L10: 330 | P10: =Q10/L10 -> 6060.6061 | Q10: 2000000
B11: 100 acres | C11: Same Area | E11: 290 | L11: 325 | N11: =Q11/E11 -> 8620.6897 | P11: =Q11/L11 -> 7692.3077 | Q11: 2500000
B12: 101 acres | C12: Same Area | L12: 350 | P12: =Q12/L12 -> 6285.7143 | Q12: 2200000
B13: 102 acres | C13: Same Area | L13: 360 | P13: =Q13/L13 -> 6388.8889 | Q13: 2300000
B14: 103 acres | C14: Same Area | L14: 370 | P14: =Q14/L14 -> 4054.0541 | Q14: 1500000
B15: 104 acres
B16: 105 acres
B17: 106 acres
B18: 107 acres
B19: 108 acres
B20: Average | P20: =AVERAGE(P10:P19) -> 6096.3142
O22: Adopded Area | P22: Adopded Area | Q22: FMV | R22: RSV | S22: DSV
B23: Valuation Adopted | O23: 300 | P23: 5200 | Q23: =P23*O23 -> 1560000
B24: Car parking & Amenities | O24: 0 | P24: 0 | Q24: =P24*O24 -> 0
B25: Final Market Value | Q25: =Q23+Q24 -> 1560000 | R25: =Q25*0.9 -> 1404000 | S25: =Q25*0.8 -> 1248000
B26: Revised Valuation 1
B27: Revised Valuation 2
B28: Valuation Remark If Value Revised
B29: Government Rate/Ciecule Rate /IGR Rate | E29: Cost Of Construction /Insurance Value
B30: BUA Sq.Ft | C30: =K6 -> 0 | E30: BUA Sq.Ft | H30: =K6 -> 0
B31: IGR Rtae /Sq.Ft | C31: =59300/10.764 -> 5509.1044 | E31: Construction Rtae /Sq.Ft
B32: Government Value | C32: =C30*C31 -> 0 | E32: Construction Cost | H32: =H30*H31 -> 0
B33: Broker ref : | C33: Name | G33: Contact No. | J33: Vlaue
B34: 1) | C34: AANGAN PROPERTY CONSULTANT
B35: 2)
B36: 3)

Sheet Measurement
A2: Sr | B2: Item | C2: L | E2: W | G2: Actual W | H2: Actual L | I2: Area
C3: Feet | D3: Inch | E3: Feet | F3: Inch
A4: 1 | B4: Hall | C4: 10 | E4: 9.1 | G4: =(E4+F4/10) -> 9.1 | H4: =(C4+D4/10) -> 10 | I4: =G4*H4 -> 91
B5: DiNING | G5: =(E5+F5/10) -> 0 | H5: =(C5+D5/10) -> 0 | I5: =G5*H5 -> 0
A6: 2 | B6: Kitchen | C6: 6.6 | E6: 10.5 | G6: =(E6+F6/10) -> 10.5 | H6: =(C6+D6/10) -> 6.6 | I6: =G6*H6 -> 69.3
A7: 3 | B7: Toilet 1 | C7: 4 | E7: 4.6 | G7: =(E7+F7/10) -> 4.6 | H7: =(C7+D7/10) -> 4 | I7: =G7*H7 -> 18.4
B8: Toilet 2 | C8: 4 | E8: 3 | G8: =(E8+F8/10) -> 3 | H8: =(C8+D8/10) -> 4 | I8: =G8*H8 -> 12
B9: Toilet 3 | G9: =(E9+F9/10) -> 0 | H9: =(C9+D9/10) -> 0 | I9: =G9*H9 -> 0
B10: Toilet 4 | G10: =(E10+F10/10) -> 0 | H10: =(C10+D10/10) -> 0 | I10: =G10*H10 -> 0
A11: 4 | B11: Bed Room 1 | G11: =(E11+F11/10) -> 0 | H11: =(C11+D11/10) -> 0 | I11: =G11*H11 -> 0
B12: Bed Room 2 | G12: =(E12+F12/10) -> 0 | H12: =(C12+D12/10) -> 0 | I12: =G12*H12 -> 0
B13: Bed Room 3 | G13: =(E13+F13/10) -> 0 | H13: =(C13+D13/10) -> 0 | I13: =G13*H13 -> 0
B14: Cup Board 1 | G14: =(E14+F14/10) -> 0 | H14: =(C14+D14/10) -> 0 | I14: =G14*H14 -> 0
B15: Cup Board 2 | G15: =(E15+F15/10) -> 0 | H15: =(C15+D15/10) -> 0 | I15: =G15*H15 -> 0
B16: Cup Board 3 | G16: =(E16+F16/10) -> 0 | H16: =(C16+D16/10) -> 0 | I16: =G16*H16 -> 0
A17: 5 | B17: Passage 1 | C17: 2 | E17: 4 | G17: =(E17+F17/10) -> 4 | H17: =(C17+D17/10) -> 2 | I17: =G17*H17 -> 8
B18: Passage 2 | G18: =(E18+F18/10) -> 0 | H18: =(C18+D18/10) -> 0 | I18: =G18*H18 -> 0
B19: Passage 3 | G19: =(E19+F19/10) -> 0 | H19: =(C19+D19/10) -> 0 | I19: =G19*H19 -> 0
A20: 6 | B20: Passage 4 | G20: =(E20+F20/10) -> 0 | H20: =(C20+D20/10) -> 0 | I20: =G20*H20 -> 0
B21: Passage 5 | G21: =(E21+F21/10) -> 0 | H21: =(C21+D21/10) -> 0 | I21: =G21*H21 -> 0
B22: Passage 6 | G22: =(E22+F22/10) -> 0 | H22: =(C22+D22/10) -> 0 | I22: =G22*H22 -> 0
B23: Covered Balcony 3 | G23: =(E23+F23/10) -> 0 | H23: =(C23+D23/10) -> 0 | I23: =G23*H23 -> 0
B24: Covered Balcony 4 | G24: =(E24+F24/10) -> 0 | H24: =(C24+D24/10) -> 0 | I24: =G24*H24 -> 0
A25: 7 | B25: Covered Balcony 5 | G25: =(E25+F25/10) -> 0 | H25: =(C25+D25/10) -> 0 | I25: =G25*H25 -> 0
B26: Covered Balcony 6 | G26: =(E26+F26/10) -> 0 | H26: =(C26+D26/10) -> 0 | I26: =G26*H26 -> 0
B27: Open Balcony 3 | G27: =(E27+F27/10) -> 0 | H27: =(C27+D27/10) -> 0 | I27: =G27*H27 -> 0
A28: 8 | B28: Flower Bed 1 | G28: =(E28+F28/10) -> 0 | H28: =(C28+D28/10) -> 0 | I28: =G28*H28 -> 0
B29: Flower Bed 2 | G29: =(E29+F29/10) -> 0 | H29: =(C29+D29/10) -> 0 | I29: =G29*H29 -> 0
B30: Flower Bed 3 | G30: =(E30+F30/10) -> 0 | H30: =(C30+D30/10) -> 0 | I30: =G30*H30 -> 0
A31: 9 | B31: Terrace 1 | G31: =(E31+F31/10) -> 0 | H31: =(C31+D31/10) -> 0 | I31: =G31*H31 -> 0
B32: Terrace 2 | G32: =(E32+F32/10) -> 0 | H32: =(C32+D32/10) -> 0 | I32: =G32*H32 -> 0
B33: Terrace 3 | G33: =(E33+F33/10) -> 0 | H33: =(C33+D33/10) -> 0 | I33: =G33*H33 -> 0
A34: 10 | B34: Any Other Area DB | G34: =(E34+F34/10) -> 0 | H34: =(C34+D34/10) -> 0 | I34: =G34*H34 -> 0
B35: Any Other Area | H35: =(C35+D35/10) -> 0
B36: Any Other Area | H36: =(C36+D36/10) -> 0
B37: Net Carpet Area | I37: =SUM(I4:I22) -> 198.7
B38: fungi. | I38: =SUM(I23:I30) -> 0
B39: Terrace Area | I39: =SUM(I31:I33) -> 0
B40: Other Area | I40: =I34+I35+I36 -> 0
B41: Gross Carpet Area | I41: =SUM(I4:I30) -> 198.7

Sheet plan
A3: Sr | B3: Item | C3: L | E3: W | G3: Actual W | H3: Actual L | I3: Area | K3: 1 Deals are happening on lump sum basis. 2 We have no direct or indirect interest in the property valued. 3 The information furnished in the report is true and correct to the best of my knowledge and belief 4 Our report does not cover check of ownership title clearance or legality of deal and structure. 6 We have received Copy Of Draft agreement, CC, Sale agreement Tax Receipt, ELectricity Bill and Index II 7 Copy of CC verified No: CIDCO/VVSR/CC/BP/-4428/E/3960 dated: 15/03/2008 8 Copy of Index II & Sale agreement verified No: 5308/2015 dated: 18/01/2024 9 Copy of Tax Recipt verified no. 636212 Dated: 20/03/2023 10 As per measurement gross carpet area is 199.00 sq.ft and Gross built up area is 238.00 Sq. ft (Derived 20% loading on Carpet area) 11 As per document Gross built up area is 300.00 Sq. ft 12 Measured Super built up area matches with documented builtup area thus we have taken documented built up area as a super built up area 13 The Subjected property is a 1RK Residential Flat 14 The provided Electricity Bill is in the favour of M/S Saileela Developers. Owner name isnot mentioned on Electricity bill. 15 VSJCVNM.PNBA.RTL.JUL.25.14152
C4: Feet | D4: Inch | E4: Feet | F4: Inch
A5: 1 | B5: Hall | G5: =E5+F5 -> 0 | H5: =(C5+D5) -> 0 | I5: =G5*H5 -> 0
B6: DiNING | G6: =E6+F6 -> 0 | H6: =(C6+D6) -> 0 | I6: =G6*H6 -> 0
A7: 2 | B7: Kitchen | G7: =E7+F7 -> 0 | H7: =(C7+D7) -> 0 | I7: =G7*H7 -> 0
A8: 3 | B8: Toilet 1 | G8: =E8+F8 -> 0 | H8: =(C8+D8) -> 0 | I8: =G8*H8 -> 0
B9: Toilet 2 | G9: =E9+F9 -> 0 | H9: =(C9+D9) -> 0 | I9: =G9*H9 -> 0
B10: Toilet 3 | G10: =E10+F10 -> 0 | H10: =(C10+D10) -> 0 | I10: =G10*H10 -> 0
B11: Toilet 4 | G11: =E11+F11 -> 0 | H11: =(C11+D11) -> 0 | I11: =G11*H11 -> 0
A12: 4 | B12: Bed Room 1 | G12: =E12+F12 -> 0 | H12: =(C12+D12) -> 0 | I12: =G12*H12 -> 0
B13: Bed Room 2 | G13: =E13+F13 -> 0 | H13: =(C13+D13) -> 0 | I13: =G13*H13 -> 0
B14: Bed Room 3 | G14: =E14+F14 -> 0 | H14: =(C14+D14) -> 0 | I14: =G14*H14 -> 0
B15: Bed Room 4 | G15: =E15+F15 -> 0 | H15: =(C15+D15) -> 0 | I15: =G15*H15 -> 0
A16: 5 | B16: Passage 1 | G16: =E16+F16 -> 0 | H16: =(C16+D16) -> 0 | I16: =G16*H16 -> 0
B17: Passage 2 | G17: =E17+F17 -> 0 | H17: =(C17+D17) -> 0 | I17: =G17*H17 -> 0
B18: Passage 3 | G18: =E18+F18 -> 0 | H18: =(C18+D18) -> 0 | I18: =G18*H18 -> 0
A19: 6 | B19: Covered Balcony 1 | G19: =E19+F19 -> 0 | H19: =(C19+D19) -> 0 | I19: =G19*H19 -> 0
B20: Covered Balcony 2 | G20: =E20+F20 -> 0 | H20: =(C20+D20) -> 0 | I20: =G20*H20 -> 0
B21: Covered Balcony 3 | G21: =E21+F21 -> 0 | H21: =(C21+D21) -> 0 | I21: =G21*H21 -> 0
B22: Dry Balcony 1 | G22: =E22+F22 -> 0 | H22: =(C22+D22) -> 0 | I22: =G22*H22 -> 0
A23: 7 | B23: Open Balcony 1 | G23: =E23+F23 -> 0 | H23: =(C23+D23) -> 0 | I23: =G23*H23 -> 0
B24: Open Balcony 2 | G24: =E24+F24 -> 0 | H24: =(C24+D24) -> 0 | I24: =G24*H24 -> 0
B25: Open Balcony 3 | G25: =E25+F25 -> 0 | H25: =(C25+D25) -> 0 | I25: =G25*H25 -> 0
A26: 8 | B26: Flower Bed 1 | G26: =E26+F26 -> 0 | H26: =(C26+D26) -> 0 | I26: =G26*H26 -> 0
B27: Flower Bed 2 | G27: =E27+F27 -> 0 | H27: =(C27+D27) -> 0 | I27: =G27*H27 -> 0
B28: Flower Bed 3 | G28: =E28+F28 -> 0 | H28: =(C28+D28) -> 0 | I28: =G28*H28 -> 0
A29: 9 | B29: Terrace 1 | G29: =E29+F29 -> 0 | H29: =(C29+D29) -> 0 | I29: =G29*H29 -> 0
B30: Terrace 2 | G30: =E30+F30 -> 0 | H30: =(C30+D30) -> 0 | I30: =G30*H30 -> 0
B31: Terrace 3 | G31: =E31+F31 -> 0 | H31: =(C31+D31) -> 0 | I31: =G31*H31 -> 0
A32: 10 | B32: Any Other Area | G32: =E32+F32 -> 0 | H32: =(C32+D32) -> 0 | I32: =G32*H32 -> 0
B35: Net Carpet Area | I35: =SUM(I5:I18) -> 0 | J35: =I35*10.764 -> 0
B36: fungi. | I36: =SUM(I19:I28) -> 0 | J36: =I36*10.764 -> 0
B37: Terrace Area | I37: =SUM(I29:I31) -> 0 | J37: =I37*10.764 -> 0
B38: Gross Carpet Area | I38: =SUM(I5:I28) -> 0 | J38: =I38*10.764 -> 0

Sheet C%
A2: Particulars | B2: totla floor | C2: 7
B3: total | C3: completed
A4: plinth | B4: 20 | C4: 20
A5: slab | B5: total slab | C5: completed slab | H5: p | I5: rcc | J5: Bricks | K5: Plaster | L5: Flooring | M5: Wood & painting | N5: Finishing
B6: =C2+1 -> 8 | C6: 0 | E6: Progress | H6: =C4 -> 20 | I6: =30/B6*C6 -> 0 | J6: =15/B8*C8 -> 0 | K6: =10/B10*C10 -> 0 | L6: =10/B12*C12 -> 0 | M6: =5/B14*C14 -> 0 | N6: =5/B16*C16 -> 0
A7: Bricks | B7: Total Floor | C7: completed Floor | E7: Recommended | H7: =H6+20 -> 40 | I7: =30/B6*C6 -> 0 | J7: =10/B8*C8 -> 0 | K7: =5/B10*C10 -> 0 | L7: =5/B12*C12 -> 0 | M7: =5/B14*C14 -> 0 | N7: =5/B16*C16 -> 0
B8: =C2 -> 7 | C8: 0
A9: plaster | B9: Total Floor | C9: completed Floor
B10: =C2 -> 7 | C10: 0
A11: Flooring | B11: Total Floor | C11: completed Floor
B12: =C2 -> 7 | C12: 0 | I12: Progress | J12: Recommended
A13: Wood & painting | B13: Total Floor | C13: completed Floor | H13: Plinth | I13: =H6 -> 20 | J13: =H7 -> 40
B14: =C2 -> 7 | C14: 0 | H14: RCC | I14: =I6 -> 0 | J14: =I7 -> 0
A15: Finishing | B15: Total Floor | C15: completed Floor | H15: Bricks | I15: =J6 -> 0 | J15: =J7 -> 0
B16: =C2 -> 7 | C16: 0 | H16: Plaster | I16: =K6 -> 0 | J16: =K7 -> 0
H17: Flooring | I17: =L6 -> 0 | J17: =L7 -> 0
H18: Wood & painting | I18: =M6 -> 0 | J18: =M7 -> 0
H19: Finishing | I19: =N6 -> 0 | J19: =N7 -> 0
H20: total | I20: =I13+I14+I15+I16+I17+I18+I19 -> 20 | J20: =J13+J14+J15+J16+J17+J18+J19 -> 40

Sheet C% For IDFC Bank 
B2: Excavation | C2: Plinth | D2: RCC | E2: Brick Work | F2: Inernal Plaster | G2: External Plaster | H2: Flooring | I2: Electrification | J2: Wood And Painting Work | K2: Total
A3: Progrees | B3: 10 | C3: 15 | D3: 30 | E3: 10 | F3: 5 | G3: 5 | H3: 10 | I3: 2.5 | J3: 2.5 | K3: =SUM(B3:J3) -> 90
A4: Recommended | B4: 30 | C4: 15 | D4: 30 | E4: 10 | F4: 2.5 | G4: 2.5 | H4: 0 | I4: 5 | J4: 5 | K4: =SUM(B4:J4) -> 100
A6: Total No of Floors In Building | B6: 1 | C6: 1 | D6: 23 | E6: =D6-1 -> 22 | F6: =E6 -> 22 | G6: =F6 -> 22 | H6: =G6 -> 22 | I6: =H6 -> 22 | J6: =I6 -> 22
A7: Completed Floors | B7: 1 | C7: 1 | D7: 4 | E7: 0 | F7: 0 | G7: 0 | H7: 0 | I7: 0 | J7: 0
A9: Calculated Progrees in % | B9: =B3*B7 -> 10 | C9: =C3*C7 -> 15 | D9: =D3/D6*D7 -> 5.2173913 | E9: =E3/E6*E7 -> 0 | F9: =F3/F6*F7 -> 0 | G9: =G3/G6*G7 -> 0 | H9: =H3/H6*H7 -> 0 | I9: =I3/I6*I7 -> 0 | J9: =J3/J6*J7 -> 0 | K9: =SUM(B9:J9) -> 30.217391
A10: Calculated Recommended In % | B10: =B7*B4 -> 30 | C10: =C4*C7 -> 15 | D10: =D4/D6*D7 -> 5.2173913 | E10: =E4/E6*E7 -> 0 | F10: =F4/F6*F7 -> 0 | G10: =G4/G6*G7 -> 0 | H10: =H4/H6*H7 -> 0 | I10: =I4/I6*I7 -> 0 | J10: =J4/J6*J7 -> 0 | K10: =SUM(B10:J10) -> 50.217391
